 Dungeon Crawl Stone Soup version 0.22-a0-3-g4fa69d9 (webtiles) character file.

114 FRamirez the Skirmisher (level 4, -1/37 HPs)
             Began as a Demonspawn Abyssal Knight on Jan 2, 2018.
             Was a Believer of Lugonu.
             Killed from afar by an orc wizard (12 damage)
             ... with a puff of frost
             ... on level 3 of the Dungeon.
             The game lasted 00:11:03 (2305 turns).

FRamirez the Skirmisher (Demonspawn Abyssal Knight) Turns: 2305, Time: 00:11:04

Health: -1/37      AC:  6    Str: 14    XL:     4   Next: 66%
Magic:  6/6        EV:  9    Int: 13    God:    Lugonu [**....]
Gold:   151        SH:  0    Dex: 12    Spells: 3/3 levels left

rFire    + . .     SeeInvis .   a - +1 falchion
rCold    x . .     Gourm    .   (no shield)
rNeg     . . .     Faith    .   k - +0 scale mail
rPois    .         Spirit   .   (no helmet)
rElec    .         Reflect  .   (no cloak)
rCorr    .         Harm     .   (no gloves)
MR       .....                  (no boots)
Stlth    ..........             (no amulet)
HPRegen  0.12/turn              i - ring of fire
MPRegen  0.10/turn              (no ring)

@: no status effects
A: claws 2, demonic guardian 1
a: Depart the Abyss, Bend Space, Renounce Religion


You were on level 3 of the Dungeon.
You worshipped Lugonu.
Lugonu was pleased with you.
You were hungry.

You visited 1 branch of the dungeon, and saw 3 of its levels.
You visited the Abyss 1 time.

You collected 151 gold pieces.

Inventory:

Hand Weapons
 a - a +1 falchion (weapon)
Armour
 b - a +0 leather armour
 k - a +0 scale mail (worn)
Jewellery
 i - a ring of fire (left claw)
 q - a +6 ring of dexterity {unknown}
 v - an uncursed ring of protection from fire {unknown}
Wands
 p - a wand of enslavement (11)
Scrolls
 e - 5 scrolls of remove curse {unknown}
 f - 3 scrolls of identify {unknown}
 j - 2 scrolls of teleportation {unknown}
 n - 3 scrolls of blinking {unknown}
 o - a scroll of fear {unknown}
 r - a scroll of noise {unknown}
 u - a scroll of magic mapping {unknown}
Potions
 d - a potion of resistance {unknown}
 g - 2 potions of curing {unknown}
 h - 2 potions of degeneration {unknown}
 l - 2 potions of brilliance {unknown}
 m - a potion of lignification {unknown}
 s - 2 potions of cancellation {unknown}
 t - a potion of heal wounds {unknown}
Comestibles
 c - 4 rations


   Skills:
 + Level 4.2 Fighting
 + Level 2.3 Long Blades
 + Level 2.6 Armour
 + Level 1.5 Dodging
 + Level 0.1 Stealth
 + Level 2.7 Invocations


You had 3 spell levels left.
You didn't know any spells.

Dungeon Overview and Level Annotations

Branches:
Dungeon (3/15)

Altars:
Elyvilon
Nemelex Xobeh
Yredelemnul


Innate Abilities, Weirdness & Mutations

You have very sharp fingernails.
A weak demonic guardian rushes to your aid.


Message History

Your quasit misses the orc.
Your quasit closely misses the orc.
Your quasit misses the orc. The orc wizard barely misses you.
You riposte.
You miss the orc wizard. You completely miss the orc wizard.
The orc wizard casts a spell at you. The puff of frost hits you!
You feel a terrible chill!
* * * LOW HITPOINT WARNING * * *
Your quasit bites the orc.
Your quasit claws the orc.
The orc dies!
Lugonu accepts your kill.
Your quasit closely misses the orc wizard.
Your quasit claws the orc wizard.
Your quasit misses the orc wizard. The orc completely misses your quasit.
The orc wizard looks encouraged for a moment.
Your quasit bites the orc wizard but does no damage.
Your quasit claws the orc wizard but does no damage.
Your quasit completely misses the orc wizard.
The orc wizard points at you and mumbles some strange words.
The puff of frost hits you!
You feel a terrible chill!
You die...

.....##......#
.....##......##
..............## ##
.........###.##. #.#
.........+....#.# o.#
...#+########.#.o#r.#
..## #.##5o# ...#
#..##.# ...# ##..@.#
...# ###### ...# ...#


You could see an orc wizard, an orc and a rat.

Vanquished Creatures
  2 gnolls (D:2)
  2 adders
  An ooze (D:1)
  2 worms (D:2)
  A dart slug (D:2)
  2 leopard geckos
  A giant cockroach (D:2)
  13 goblins
  9 hobgoblins
  A quokka (D:3)
  5 bats (D:1)
  6 frilled lizards (D:1)
  2 kobolds
  7 rats
54 creatures vanquished.

Vanquished Creatures (collateral kills)
  A gnoll (D:2)
  An orc (D:3)
2 creatures vanquished.

Grand Total: 56 creatures vanquished

Notes
Turn   | Place    | Note
-------+----------+-------------------------------------------
     0 | Abyss:1  | FRamirez the Demonspawn Abyssal Knight began the quest for the Orb.
     0 | Abyss:1  | Reached XP level 1. HP: 18/18 MP: 2/2
     0 | D:1      | Escaped the Abyss
    82 | D:1      | Reached * piety under Lugonu
   271 | D:1      | Gained mutation: A weak demonic guardian rushes to your aid. [demonic ancestry]
   271 | D:1      | Reached XP level 2. HP: 19/24 MP: 3/3
   585 | D:1      | Reached skill level 1 in Dodging
   696 | D:2      | Found a faded altar of an unknown god.
   809 | D:2      | Gained mutation: You have sharp fingernails. [demonic ancestry]
   809 | D:2      | Reached XP level 3. HP: 28/30 MP: 3/5
  1327 | D:2      | Reached ** piety under Lugonu
  1694 | D:2      | Reached skill level 4 in Fighting
  1694 | D:2      | Gained mutation: You have very sharp fingernails. [demonic ancestry]
  1694 | D:2      | Reached XP level 4. HP: 18/37 MP: 6/6
  1975 | D:2      | Found a white marble altar of Elyvilon.
  2030 | D:2      | Found a basalt altar of Yredelemnul.
  2135 | D:3      | Found a sparkling altar of Nemelex Xobeh.
  2305 | D:3      | Killed from afar by an orc wizard

Vault maps used:
D:1:      mushboom_english_gardens, serial_glass, glass_columns_c,
          glass_columns_a
D:2:      cheibrodos_greedy_goblins, kennysheep_ying_yang,
          chequers_ecumenical_altar_island
D:3:      marbit_many_paths, old_standard_altar, minivault_4,
          roderic_serpentine_path, kennysheep_generic_room_15

Skill      XL: |  1  2  3 |
---------------+----------+-----
Long Blades    | 2 |  2.3
Dodging        | 1 |  1.5
Armour         | 2 |  2.6
Fighting       | 4 |  4.2
Stealth        | |  0.1
Invocations    | |  2.7

Action                   |  1- 3 |  4- 6 || total
-------------------------+-------+-------++-------
Melee: Falchion          |   115 |    45 ||   160
Invok: Depart the Abyss  |     1 |       ||     1
 Stab: Sleeping          |     1 |       ||     1
  Eat: Chunk             |     3 |     1 ||     4
Armor: Leather armour    |    10 |       ||    10
       Scale mail        |    30 |    25 ||    55
Dodge: Dodged            |    69 |    17 ||    86
       Rpst.: Falchion   |    21 |     6 ||    27

Table legend:
 A = Spawn XP
 B = Non-spawn XP
 C = Spawn XP percentage of total XP
 D = Spawn monster count
 E = Non-spawn monster count
 F = Spawn count percentage of total count
 G = Total turns spent on level
                    A         B        C        D         E        F      G
               +---------+---------+-------+---------+---------+-------+---------
         Total |       0 |     163 |   0.0 |       0 |      56 |   0.0 |  2305
               +---------+---------+-------+---------+---------+-------+---------
           D:1 |       0 |      30 |   0.0 |       0 |      20 |   0.0 |   867
           D:2 |       0 |     101 |   0.0 |       0 |      25 |   0.0 |  1251
           D:3 |       0 |      32 |   0.0 |       0 |      11 |   0.0 |   187
               +---------+---------+-------+---------+---------+-------+---------
